 Dungeon Crawl Stone Soup version 0.27.1-34-g3ba077fa99 (webtiles) character file.

Game seed: 8536152730011458885

276 boopmooplesden the Covered (level 6, -5/53 HPs)
             Began as a Minotaur Fighter on Jan 5, 2022.
             Killed from afar by an orc wizard (10 damage)
             ... with a magic dart
             ... on level 4 of the Dungeon.
             The game lasted 00:03:35 (3056 turns).

boopmooplesden the Covered (Minotaur Fighter)       Turns: 3056, Time: 00:03:36

Health: -5/53      AC: 10    Str: 28    XL:     6   Next: 4%
Magic:  5/5        EV:  8    Int:  5    God:
Gold:   183        SH: 10    Dex: 10    Spells: 5/5 levels left

rFire    + . .     SeeInvis .   a - +0 long sword
rCold    . . .     Faith    .   c - +0 kite shield
rNeg     . . .     Spirit   .   b - +0 scale mail
rPois    +         Reflect  .   (helmet restricted)
rElec    .         Harm     .   g - +2 cloak {rPois}
rCorr    .         Rampage  .   (no gloves)
Will     .....                  (no boots)
Stlth    ..........             (no amulet)
HPRegen  0.17/turn              l - +6 ring of strength
MPRegen  0.09/turn              e - ring of protection from fire

@: mighty
A: horns 2, retaliatory headbutt
a: no special abilities


You were on level 4 of the Dungeon.
You visited 1 branch of the dungeon, and saw 4 of its levels.

You collected 183 gold pieces.

Inventory:

Hand Weapons
 a - a +0 long sword (weapon)
Armour
 b - a +0 scale mail (worn)
 c - a +0 kite shield (worn)
 g - a +2 cloak of poison resistance (worn)
Jewellery
 e - a ring of protection from fire (right hand)
 l - a +6 ring of strength (left hand)
 m - a +4 ring of evasion
Scrolls
 j - a scroll of enchant weapon {unknown}
 n - a scroll of brand weapon {unknown}
Potions
 f - a potion of brilliance
 h - a potion of ambrosia {unknown}
 i - a potion of heal wounds {unknown}
 k - a potion of curing {unknown}


   Skills:
 + Level 4.6 Fighting
 + Level 4.5 Long Blades
 + Level 5.1 Armour
 + Level 1.2 Dodging
 + Level 0.3 Stealth
 + Level 4.9 Shields


You had 5 spell levels left.
You didn't know any spells.
Your spell library contained the following spells:

 Spells                   Type           Power      Damage    Failure   Level
 Freeze                   Ice            0%         1d3       99%         1
 Frozen Ramparts          Ice            0%         1d2       100%        3
 Hailstorm                Conj/Ice       0%         3d3       100%        4


Dungeon Overview and Level Annotations

Branches:
Dungeon (4/15)
 Temple: D:4-7

Altars:
Qazlal


Innate Abilities, Weirdness & Mutations

You have a pair of horns on your head.
You reflexively headbutt those who attack you in melee.


Message History

* * * LOW HITPOINT WARNING * * *
The orc priest hits you but does no damage.
The orc priest hits you with a +0 hand axe.
* * * LOW HITPOINT WARNING * * *
You hit the orc priest. You headbutt the orc priest.
You kill the orc priest!
You block the orc priest's attack.
You barely miss the orc priest.
You headbutt the orc priest, but do no damage.
The orc priest hits you with a +0 hand axe.
* * * LOW HITPOINT WARNING * * *
You block the orc priest's attack.
You feel very mighty all of a sudden. The orc priest barely misses you.
You hit the orc priest. Your headbutt misses the orc priest.
The orc priest is heavily wounded.
The orc priest hits you but does no damage.
Your scale mail prevents you from hitting the orc priest.
You headbutt the orc priest!
You kill the orc priest!
You have reached level 6!
Your experience leads to an increase in your attributes!
Your base attributes are Str 22, Int 5, Dex 9.
Increase (S)trength, (I)ntelligence, or (D)exterity?
You feel agile.
You closely miss something. Something hits you.
* * * LOW HITPOINT WARNING * * *
Something hits you but does no damage.
You barely miss something. Something hits you.
* * * LOW HITPOINT WARNING * * *
You hit something. Your headbutt misses something.
You hear some strange, mumbled words.
A puff of flame appears from out of thin air!
The puff of flame hits you. You resist.
* * * LOW HITPOINT WARNING * * *
You miss something.
You hear some strange, mumbled words.
A magic dart appears from out of thin air!
The magic dart hits you!
You die...

##########
#)@{o.....
#.########
##.# #..#
#.## #.#
#.#######
#........
...
#.##.####
#.# #..


You could see an orc.

Vanquished Creatures
  3 orc priests
  A jelly (D:4)
  An orc wizard (D:3)
  4 adders
  A worm (D:2)
  3 dart slugs
  8 orcs
  7 ball pythons
  4 endoplasms (D:1)
  3 giant cockroaches
  12 hobgoblins
  8 bats
  3 frilled lizards (D:2)
  11 goblins
  10 kobolds
  3 rats (D:2)
82 creatures vanquished.

Notes
Turn   | Place    | Note
-------+----------+-------------------------------------------
     0 | D:1      | boopmooplesden the Minotaur Fighter began the quest for the
                  | Orb.
     0 | D:1      | Reached XP level 1. HP: 19/19 MP: 0/0
    87 | D:1      | Found a faded altar of an unknown god.
   134 | D:1      | Reached XP level 2. HP: 10/27 MP: 1/1
   476 | D:1      | Reached skill level 4 in Armour
   750 | D:1      | Reached XP level 3. HP: 33/33 MP: 2/2
  1750 | D:2      | Reached XP level 4. HP: 33/40 MP: 3/3
  1932 | D:3      | Reached XP level 5. HP: 24/47 MP: 4/4
  2178 | D:3      | Found a stormy altar of Qazlal.
  2211 | D:3      | Reached skill level 1 in Dodging
  2907 | D:4      | Reached skill level 5 in Armour
  3053 | D:4      | Reached XP level 6. HP: 10/53 MP: 5/5
  3056 | D:4      | Killed from afar by an orc wizard

Illustrated notes

Levels and vault maps discovered:
D:1:      dpeg_arrival_rhombi, layout_loops_ring,
          hellmonk_ecumenical_altar_lost_god
D:2:      layout_rooms
D:3:      layout_rooms, mainiacjoe_overflow_24_doors
D:4:      layout_loops_ring, uniq_natasha

Skill      XL: |  1  2  3  4  5 |
---------------+----------------+-----
Fighting       | 4 |  4.6
Armour         | 4 5 |  5.1
Shields        | 4 |  4.9
Long Blades    | 3 4 |  4.5
Dodging        | 1 |  1.2
Stealth        | |  0.3

Action                   |  1- 3 |  4- 6 || total
-------------------------+-------+-------++-------
Melee: Long sword        |   101 |    81 ||   182
       Headbutt          |    11 |    19 ||    30
  Use: Scroll            |     2 |     1 ||     3
       Potion            |     1 |     1 ||     2
Armor: Scale mail        |    70 |    36 ||   106
Dodge: Dodged            |    42 |    31 ||    73
Block: Kite shield       |    78 |    50 ||   128
       Rpst.: Long sword |     6 |    10 ||    16
